 Dungeon Crawl Stone Soup version 0.20.1-1-g8b1a95d (webtiles) character file.

44 renl the Shield-Bearer (level 3, -1/29 HPs)
             Began as a Formicid Fighter on July 24, 2017.
             Slain by a kobold (3 damage)
             ... on level 3 of the Dungeon.
             The game lasted 00:05:42 (1188 turns).

renl the Shield-Bearer (Formicid Fighter)           Turns: 1188, Time: 00:05:43

Health: -1/29      AC: 12    Str: 21    XL:     3   Next: 85%
Magic:  3/3        EV:  4    Int:  7    God:
Gold:   105        SH:  9    Dex: 10    Spells: 2/2 levels left

rFire    . . .     SeeInvis +   a - +0 long sword
rCold    . . .     Gourm    .   c - +0 shield
rNeg     . . .     Faith    .   x - +0 plate armour
rPois    .         Spirit   .   (helmet unavailable)
rElec    .         Reflect  .   (no cloak)
rCorr    .         Harm     .   h - +0 pair of gloves
MR       .....                  (no boots)
Stlth    ..........             (no amulet)
Regen    0.1/turn               (no ring)
MPRegen  0.1/turn               (no ring)

@: lethally poisoned (-1 -> -5)
A: permanent stasis, dig shafts and tunnels, four strong arms, antennae 3
a: Dig, Shaft Self


You were on level 3 of the Dungeon.
You were not hungry.

You visited 1 branch of the dungeon, and saw 3 of its levels.

You collected 105 gold pieces.

Inventory:

Hand Weapons
 a - a +0 long sword (weapon)
Missiles
 k - 2 tomahawks (quivered)
Armour
 c - a +0 shield (worn)
 h - a +0 pair of gloves (worn)
 x - a +0 plate armour (worn)
Scrolls
 b - a scroll of identify {unknown}
 g - 4 scrolls of teleportation {unknown}
 m - a scroll of fear {unknown}
 n - a scroll of recharging {unknown}
 r - 2 scrolls of amnesia {unknown}
 s - a scroll of blinking {unknown}
 w - a scroll of magic mapping {unknown}
 y - a scroll of remove curse {unknown}
Potions
 d - a potion of might
 e - 4 potions of curing {unknown}
 j - a potion of flight {unknown}
 l - 2 potions of haste {unknown}
 o - a potion of brilliance {unknown}
 t - a potion of agility {unknown}
 u - a potion of lignification {unknown}
Comestibles
 f - 5 bread rations
 i - 2 meat rations
 p - 2 chunks of flesh
 q - a royal jelly


   Skills:
 + Level 3.4 Fighting
 + Level 2.7 Long Blades
 + Level 3.4 Armour
 + Level 4.5 Shields


You had 2 spell levels left.
You didn't know any spells.

Dungeon Overview and Level Annotations

Branches:
Dungeon (3/15)

Altars:


Innate Abilities, Weirdness & Mutations

You cannot be hasted, slowed, berserked, paralysed or teleported.
You can dig through walls and to a lower floor.
Your four strong arms can wield two-handed weapons with a shield.
You have a pair of large antennae on your head. (SInv)


Message History

You feel sick. The kobold barely misses you.
You closely miss the kobold.
The kobold is severely wounded.
You block the kobold's attack. x2
You hit the kobold but do no damage.
The kobold is severely wounded.
* * * LOW HITPOINT WARNING * * *
You feel sick. You block the kobold's attack.
You hit the kobold but do no damage.
The kobold is severely wounded.
* * * LOW HITPOINT WARNING * * *
You feel sick. The kobold hits you but does no damage.
Your shield and plate armour prevent you from hitting the kobold.
The kobold is severely wounded.
* * * LOW HITPOINT WARNING * * *
You feel sick. You block the kobold's attack.
You closely miss the kobold.
The kobold is severely wounded.
The kobold hits you.
You die...

###### #######
#.....##.....##
..............##
[...=.......)..#
............).<#
.......@((.((..#
.....(K........#
...............#
...............#
...........?..##
#.....##.....##
####.# #######
..


You could see a kobold.

Vanquished Creatures
  An adder (D:2)
  2 worms (D:2)
  A dart slug (D:1)
  A leopard gecko (D:2)
  2 giant cockroaches (D:2)
  4 goblins
  A hobgoblin (D:2)
  2 quokkas (D:2)
  2 frilled lizards
  8 kobolds
  3 rats
27 creatures vanquished.

Notes
Turn   | Place    | Note
-------+----------+-------------------------------------------
     0 | D:1      | renl the Formicid Fighter began the quest for the Orb.
     0 | D:1      | Reached XP level 1. HP: 18/18 MP: 1/1
     2 | D:1      | Noticed an octopode
     3 | D:1      | Noticed a centaur
     5 | D:1      | Noticed a vampire
     5 | D:1      | Noticed a halfling
     7 | D:1      | Noticed a minotaur
     9 | D:1      | Noticed a naga
     9 | D:1      | Noticed a felid
    11 | D:1      | Noticed a human
    11 | D:1      | Noticed a vine stalker
    13 | D:1      | Noticed a spriggan
    13 | D:1      | Noticed a demigod
    15 | D:1      | Noticed a ghoul
    15 | D:1      | Noticed a gargoyle
    17 | D:1      | Noticed a demonspawn
    17 | D:1      | Noticed a formicid
    19 | D:1      | Noticed a draconian
    21 | D:1      | Noticed a troll
    23 | D:1      | Noticed a tengu
    23 | D:1      | Noticed a dwarf
    25 | D:1      | Noticed an elf
    27 | D:1      | Noticed a merfolk
    27 | D:1      | Noticed an ogre
   251 | D:1      | Reached XP level 2. HP: 24/24 MP: 2/2
   276 | D:1      | Reached skill level 4 in Shields
   710 | D:2      | Reached XP level 3. HP: 21/29 MP: 3/3
  1188 | D:3      | Slain by a kobold

Skill      XL: |  1  2 |
---------------+-------+-----
Shields        | 4 |  4.5
Fighting       | |  3.4
Long Blades    | |  2.7
Armour         | |  3.4

Action                   || total
-------------------------++-------
Melee: Long sword        ||    99
Throw: Tomahawk          ||     2
 Abil: Dig               ||     2
  Eat: Chunk             ||     1
Armor: Scale mail        ||    32
       Plate armour      ||    15
       Chain mail        ||     1
Dodge: Dodged            ||    24
Block: Shield            ||    71
       Rpst.: Long sword ||     7
